 Dungeon Crawl Stone Soup version 0.29-a0-341-g24ffce5b50 (webtiles) character file.

Game seed: 12088183169141148517

1672 Zakronia the Cleaver (level 9, -2/75 HPs)
             Began as a Hill Orc Fighter on Apr 20, 2022.
             Was an Initiate of Sif Muna.
             Shot with an arrow by a centaur (11 damage)
             ... on level 7 of the Dungeon.
             The game lasted 00:30:16 (4163 turns).

Zakronia the Cleaver (Hill Orc Fighter)             Turns: 4163, Time: 00:30:17

Health: -2/75      AC: 18    Str: 21    XL:     9   Next: 1%
Magic:  9/9        EV:  7    Int:  8    God:    Sif Muna [......]
Gold:   174        SH:  5    Dex: 12    Spells: 8/8 levels left

rFire   . . .      SeeInvis .   a - +2 war axe (spect)
rCold   . . .      Faith    .   (no shield)
rNeg    . . .      Spirit   .   L - +0 plate armour
rPois   .          Reflect  +   (no helmet)
rElec   .          Harm     .   (no cloak)
rCorr   +          Rampage  .   E - +0 pair of gloves
Will    .....                   (no boots)
Stlth   ..........              f - amulet of reflection
HPRegen 0.22/turn               g - +4 ring of protection
MPRegen 0.11/turn               h - ring of resist corrosion

@: no status effects
A: no striking features
a: Renounce Religion


You were on level 7 of the Dungeon.
You worshipped Sif Muna.
Sif Muna was noncommittal.
You visited 2 branches of the dungeon, and saw 8 of its levels.

You collected 279 gold pieces.
You spent 105 gold pieces at shops.

Inventory:

Hand Weapons
 a - a +2 spectral war axe (weapon)
 i - a +0 short sword
 l - a +0 club
 n - a +0 dagger
 o - a +0 spectral quarterstaff
 p - a +0 dagger
 r - a +0 hand axe
 s - a +0 mace
 x - a +1 dagger of flaming
 A - a +0 spear
 F - a +2 dagger of venom
 G - a +4 dagger
 M - a +1 hand axe of flaming
 O - a +2 flail of protection
 S - a +3 antimagic spear
Missiles
 e - 170 stones (quivered)
 H - 8 poisoned darts
 I - 2 atropa-tipped darts
 R - 6 boomerangs
Armour
 b - a +0 scale mail
 c - a +0 buckler
 j - a +0 robe
 m - a +0 ring mail
 u - a +0 chain mail
 v - a +0 scale mail
 w - an orb of wrath
 z - a +0 leather armour
 E - a +0 pair of gloves (worn)
 L - a +0 plate armour (worn)
Magical Staves
 t - a staff of air
Jewellery
 f - an amulet of reflection (around neck)
 g - a +4 ring of protection (left hand)
 h - a ring of resist corrosion (right hand)
 y - an amulet of the acrobat
 C - an amulet of faith
 K - a ring of positive energy
Wands
 P - a wand of digging (3)
Scrolls
 J - a scroll of noise
 Q - a scroll of identify
Potions
 d - 2 potions of might
 k - a potion of heal wounds
 q - a potion of mutation
 D - a potion of brilliance
 N - 3 potions of curing
 T - a potion of ambrosia {unknown}
Miscellaneous
 B - a piece from Xom's chessboard (15/15)


   Skills:
 + Level 6.2 Fighting
 + Level 9.3 Axes
 + Level 7.7 Armour
 + Level 1.3 Dodging
 + Level 0.4 Stealth
 + Level 5.0 Shields


You had 8 spell levels left.
You didn't know any spells.
Your spell library contained the following spells:

 Spells                   Type           Power      Damage    Failure   Level
 Sandblast                Erth           0%         2d4       100%        1
 Passwall                 Tmut/Erth      0%         N/A       100%        2
 Frozen Ramparts          Ice            0%         1d2       100%        3
 Stone Arrow              Conj/Erth      0%         3d7       100%        3
 Ice Form                 Ice/Tmut       0%         N/A       100%        4
 Summon Ice Beast         Ice/Summ       0%         N/A       100%        4


Dungeon Overview and Level Annotations

Branches:
Dungeon (7/15)             Temple (1/1) D:6

Altars:
Cheibriados
Dithmenos
Fedhas
Gozag
Makhleb
Sif Muna
Trog
Yredelemnul
Zin
The Shining One
Lugonu

Shops:
D:4 *

Annotations:
D:4 Edmund


Message History

Your +2 spectral war axe closely misses the killer bee.
You feel very sick.
The killer bee stings you but does no damage.
The killer bee stings you!
The killer bee stings you but does no damage. x2
You hit the killer bee.
The killer bee is severely wounded.
You slash the killer bee!
You kill the killer bee!
Sif Muna accepts your kill.
Your +2 spectral war axe hits the killer bee!
You kill the killer bee!
Sif Muna accepts your kill.
You feel very sick.
A centaur comes into view.
You have reached level 9!
Your experience leads to an increase in your attributes!
Increase (S)trength, (I)ntelligence, or (D)exterity?
You feel stronger. x2
You feel very sick.
You feel sick.
You feel sick.
You feel sick.
The centaur shouts!
You hear a shout!
The centaur wields a +0 shortbow.
The centaur shoots an arrow.
The arrow hits you.
* * * LOW HITPOINT WARNING * * *
You feel sick.
The centaur shoots an arrow.
The arrow hits you but does no damage.
The centaur shoots an arrow.
The arrow hits you but does no damage.
You feel sick.
You feel sick.
The centaur shoots an arrow.
The arrow hits you.
* * * LOW HITPOINT WARNING * * *
You feel sick.
The centaur shoots an arrow.
The arrow hits you but does no damage.
There is an open door here.
You feel sick.
You are no longer poisoned.
The centaur shoots an arrow.
The arrow hits you!
You die...

..................
#..c..# #. #....
+.....# #. #...#
#.†...# #. #...#
#.....# #. #...#
#.....# #. #...#
#.....# #.
#...#########'###
#.##...#....#...@..#
#......#....#....###
#......'....'....#
##.....#....#....#
#...###....####.#
#...# #....# #.#
#...###########.#
#...............#
#...............#


You could see a centaur.

Vanquished Creatures
  The ghost of hgbash the Skirmisher, a novice GrFi (D:6)
  A steam dragon (D:6)
  An ice beast (D:5)
  2 ogres
  A phantom (D:6)
  A bullfrog (D:6)
  A gnoll sergeant (D:7)
  5 killer bees (D:7)
  A bullfrog zombie (D:6)
  A centaur zombie (D:6)
  7 hounds
  3 iguanas
  8 gnolls
  8 adders
  A shadow imp (D:5)
  An ufetubus (D:5)
  A worm (D:2)
  3 dart slugs
  9 orcs
  7 bats
  5 endoplasms
  2 giant cockroaches (D:2)
  8 goblins
  4 hobgoblins
  3 jackals (D:1)
  7 kobolds
  4 quokkas
  7 ball pythons
  8 frilled lizards (D:3)
  5 rats
116 creatures vanquished.

Vanquished Creatures (others)
  10 plants (D:3)
10 creatures vanquished.

Grand Total: 126 creatures vanquished

Notes
Turn   | Place    | Note
-------+----------+-------------------------------------------
     0 | D:1      | Zakronia the Hill Orc Fighter began the quest for the Orb.
     0 | D:1      | Reached XP level 1. HP: 19/19 MP: 1/1
   175 | D:1      | Reached XP level 2. HP: 23/27 MP: 2/2
   206 | D:1      | Found a faded altar of an unknown god.
   539 | D:1      | Reached XP level 3. HP: 33/33 MP: 3/3
   672 | D:2      | Reached skill level 3 in Axes
   708 | D:2      | Reached XP level 4. HP: 38/40 MP: 4/4
   986 | D:3      | Reached skill level 4 in Axes
  1050 | D:3      | Found a glowing golden altar of the Shining One.
  1134 | D:3      | Reached XP level 5. HP: 46/46 MP: 5/5
  1198 | D:3      | Reached skill level 1 in Dodging
  1555 | D:3      | Found a snail-covered altar of Cheibriados.
  2134 | D:4      | Reached skill level 5 in Axes
  2141 | D:4      | Found Teit's General Store.
  2152 | D:4      | Noticed Edmund
  2172 | D:4      | Bought a scroll of enchant weapon for 105 gold pieces
  2193 | D:5      | Entered Level 5 of the Dungeon
  2217 | D:5      | Reached XP level 6. HP: 47/52 MP: 6/6
  2393 | D:5      | Reached skill level 6 in Axes
  2401 | D:5      | Reached XP level 7. HP: 17/60 MP: 7/7
  2457 | D:5      | Reached skill level 5 in Armour
  3129 | D:6      | Found a staircase to the Ecumenical Temple.
  3145 | D:6      | Reached skill level 7 in Axes
  3213 | Temple   | Entered the Ecumenical Temple
  3283 | Temple   | Became a worshipper of Sif Muna the Loreminder
  3375 | D:6      | Noticed a steam dragon
  3381 | D:6      | Killed a steam dragon
  3386 | D:6      | Reached skill level 5 in Fighting
  3446 | D:6      | Reached XP level 8. HP: 49/68 MP: 8/8
  3624 | D:6      | Reached skill level 8 in Axes
  3640 | D:6      | Found a runed translucent gate.
  3640 | D:6      | Found a runed translucent gate.
  3640 | D:6      | Found a runed translucent gate.
  3640 | D:6      | Noticed hgbash's ghost (novice GrFi)
  3642 | D:6      | Found a basalt altar of Yredelemnul.
  3681 | D:6      | Killed hgbash's ghost
  3682 | D:6      | Reached skill level 5 in Shields
  3889 | D:6      | Found a bloodstained altar of Trog.
  4068 | D:7      | Reached skill level 9 in Axes
  4155 | D:7      | Reached XP level 9. HP: 31/75 MP: 9/9
  4163 | D:7      | Shot with an arrow by a centaur

Illustrated notes

Levels and vault maps discovered:
D:1:      zaba_arrival_water, layout_basic, nicolae_ecumenical_snake_handling,
          minmay_misc_feat_enclosed, eino_curves_02
D:2:      layout_rooms
D:3:      minmay_recursive_quarters, layout_basic, nicolae_tso_carved_into_rock,
          lemuel_coloured_pillars_altar, serial_bayou_pond_e,
          small_statue_intersection, serial_bayou_ford_a, minmay_lizard_king
D:4:      layout_basic, kennysheep_little_box,
          nicolae_ossuary_entry_false_entrances, serial_shops,
          nicolae_shop_statue_plus, minmay_tree_intersection, uniq_edmund,
          uniq_natasha, uniq_grinder
D:5:      layout_loops_ring, kennysheep_generic_room_4
D:6:      layout_cave_pools, nicolae_overflow_hidden_temple,
          nicolae_yredelemnul_ghost_church, minmay_temple_entry_sparse_star
D:7:      layout_basic, okawaru_altar_gauntlet_db, evilmike_ruin_ashenzari,
          mainiacjoe_overflow_swirl, minmay_quadrilaterals
Temple:   corrupted_temple

Skill      XL: |  1  2  3  4  5  6  7  8 |
---------------+-------------------------+-----
Axes           | 3 4 5 6 7 9 |  9.3
Fighting       | 4 5 6 |  6.2
Shields        | 4 5 |  5.0
Armour         | 4 5 7 |  7.7
Dodging        | 1 |  1.3
Stealth        | |  0.4

Action                   |  1- 3 |  4- 6 |  7- 9 || total
-------------------------+-------+-------+-------++-------
Melee: War axe           |    64 |    85 |    56 ||   205
       Punch             |       |     1 |     2 ||     3
  Use: Scroll            |     4 |     4 |     3 ||    11
Armor: Scale mail        |    24 |       |       ||    24
       Chain mail        |     6 |    70 |     1 ||    77
       Skin              |     1 |       |       ||     1
       Plate armour      |       |       |    59 ||    59
Dodge: Dodged            |    33 |    34 |    18 ||    85
Block: Buckler           |    41 |     2 |       ||    43
       Other             |       |    23 |    14 ||    37
       Orb               |       |     4 |       ||     4

Table legend: (Time is in decaauts)
 A = Elapsed time spent in this place.
 B = Non-inter-level travel time spent in this place.
 C = Inter-level travel time spent in this place.
 D = Time resting spent in this place.
 E = Time spent auto-exploring this place.
 F = Levels seen in this place.
 G = Mean time per level.
                   A        B        C        D        E       F      G
               +--------+--------+--------+--------+--------+-----+--------+
         Total |   4251 |   4241 |     10 |      0 |    962 |   8 |  531.4 |
       Dungeon |   4160 |   4150 |     10 |      0 |    962 |   7 |  594.3 |
        Temple |     90 |     90 |      0 |      0 |      0 |   1 |   90.0 |
               +--------+--------+--------+--------+--------+-----+--------+

Top non-repeatable levels by time:
     D:3: 1216 daAuts
     D:5: 939 daAuts
     D:6: 831 daAuts
     D:1: 601 daAuts
     D:2: 387 daAuts
     D:7: 119 daAuts
  Temple: 90 daAuts
     D:4: 64 daAuts
